 Dungeon Crawl Stone Soup version 0.27-a0-732-ga892ba84f6 (webtiles) character file.

Game seed: 1767582046978084139

116 Lanoc the Ducker (level 5, 0/40 HPs)
             Began as a Djinni Warper on Mar 23, 2021.
             Slain by a wight
             ... wielding a +0 spear
              (6 damage)
             ... on level 4 of the Dungeon.
             The game lasted 00:03:48 (3249 turns).

Lanoc the Ducker (Djinni Warper)                    Turns: 3249, Time: 00:03:48

Health: 0/40       AC:  5    Str: 10    XL:     5   Next: 1%
Magic:  0/0        EV: 12    Int: 16    God:
Gold:   130        SH:  0    Dex: 12    Spells: 0/10 levels left

rFire    + + .     SeeInvis .   k - +2 whip (venom)
rCold    x . .     Faith    .   (no shield)
rNeg     . . .     Spirit   .   b - +0 leather armour
rPois    ∞         Reflect  .   (no helmet)
rElec    .         Harm     .   m - +1 cloak
rCorr    .         Rampage  .   (no gloves)
Will     .....                  (boots unavailable)
Stlth    +.........             (no amulet)
HPRegen  0.13/turn              (no ring)
MPRegen  0.00/turn              (no ring)

@: flying
A: fire resistance 2, cold vulnerability 1, float, innate caster, hp casting,
extra vitality 1
a: no special abilities


You were on level 4 of the Dungeon.
You visited 1 branch of the dungeon, and saw 4 of its levels.

You collected 130 gold pieces.

Inventory:

Hand Weapons
 a - a +0 spear
 k - a +2 whip of venom (weapon)
Missiles
 e - 5 boomerangs of dispersal (quivered)
 g - 18 arrows
Armour
 b - a +0 leather armour (worn)
 m - a +1 cloak (worn)
Scrolls
 d - a scroll of blinking
 f - 2 scrolls of enchant armour {unknown}
 h - a scroll of enchant weapon {unknown}
 i - a scroll of teleportation {unknown}
 l - a scroll of silence {unknown}
 n - a scroll of immolation {unknown}
 r - a scroll of identify {unknown}
 t - a scroll of amnesia {unknown}
 u - a scroll of random uselessness {unknown}
Potions
 c - a potion of might {unknown}
 j - a potion of brilliance {unknown}
 o - a potion of heal wounds {unknown}
 p - a potion of mutation {unknown}
 q - a potion of magic {unknown}
 s - a potion of flight {unknown}


   Skills:
 + Level 3.2 Fighting
 - Level 1.7 Polearms
 - Level 0.8 Throwing
 - Level 1.0 Armour
 + Level 3.6 Dodging
 + Level 3.4 Spellcasting


You couldn't memorise any spells.
You knew the following spells:

 Your Spells              Type           Power      Damage    Failure   Level
a - Foxfire               Conj/Fire      52%        2x1d6     6%          1
b - Blink                 Tloc           N/A        N/A       9%          2
c - Gell's Gravitas       Tloc           6%         N/A       17%         3
d - Teleport Other        Tloc           13%        N/A       17%         3
e - Manifold Assault      Tloc           13%        N/A       50%         4
f - Lesser Beckoning      Tloc           6%         N/A       17%         3
g - Corpse Rot            Necr/Air       N/A        N/A       9%          2
Your spell library was empty.

Dungeon Overview and Level Annotations

Branches:
Dungeon (4/15)
 Temple: D:4-7

Altars:
Gozag

Shops:
D:1 !


Innate Abilities, Weirdness & Mutations

You are immune to poison.
Your flesh is very heat resistant. (rF++)
You are vulnerable to cold. (rC-)
You float through the air rather than walking.
You learn spells naturally, not from books.
Your magical power is your life essence.
You have superior vitality. (+4 HP)


Message History

Confirm with . or Enter, or press ? or * to list all spells.
You conjure some foxfire!
The wight hits you from afar with a +0 spear!
Casting: Foxfire (safe; 6% risk of failure)
Confirm with . or Enter, or press ? or * to list all spells.
You conjure some foxfire!
The foxfire hits the wight.
The wight is moderately damaged.
The foxfire hits the wight but does no damage.
The wight is moderately damaged.
The wight hits you from afar with a +0 spear!
Casting: Foxfire (safe; 6% risk of failure)
Confirm with . or Enter, or press ? or * to list all spells.
You conjure some foxfire!
The foxfire hits the wight but does no damage.
The wight is moderately damaged.
The wight misses you.
Casting: Foxfire (safe; 6% risk of failure)
Confirm with . or Enter, or press ? or * to list all spells.
You conjure some foxfire!
The foxfire hits the wight.
The wight is moderately damaged.
The foxfire hits the wight but does no damage.
The wight is moderately damaged.
The foxfire hits the wight but does no damage.
The wight is moderately damaged.
The wight hits you from afar with a +0 spear.
Casting: Foxfire (safe; 6% risk of failure)
Confirm with . or Enter, or press ? or * to list all spells.
You conjure some foxfire!
The foxfire hits the wight.
The wight is moderately damaged.
The wight hits you from afar with a +0 spear!
* * * LOW HITPOINT WARNING * * *
Your foxfire dissipates!
The foxfire hits the wight.
The wight is heavily damaged.
The foxfire hits the wight but does no damage.
The wight is heavily damaged.
Your magical contamination has completely faded away.
There is a stone staircase leading up here.
The wight hits you from afar with a +0 spear.
You die...

## .. ##### .
.....###.
........#
.....<.z#
......§)#
#......@#
######..##
#####.....##
#....###...##
###### #.##.#
#.###.# ###
##


You could see a wight.

Vanquished Creatures
  Natasha (D:2)
  An adder (D:2)
  4 worms
  An orc (D:3)
  5 ball pythons
  A bat (D:2)
  5 giant cockroaches
  7 goblins
  5 hobgoblins
  7 jackals
  11 oozes
  A quokka (D:3)
  4 frilled lizards
  5 kobolds
  3 rats
61 creatures vanquished.

Vanquished Creatures (others)
  128 foxfires
128 creatures vanquished.

Grand Total: 189 creatures vanquished

Notes
Turn   | Place    | Note
-------+----------+-------------------------------------------
     0 | D:1      | Lanoc the Djinni Warper began the quest for the Orb.
     0 | D:1      | Reached XP level 1. HP: 18/18 MP: 0/0
   264 | D:1      | Reached XP level 2. HP: 20/23 MP: 0/0
   896 | D:1      | Found Hejaefy's Distillery.
  1286 | D:2      | Reached XP level 3. HP: 27/29 MP: 0/0
  1286 | D:2      | Learned a level 1 spell: Foxfire
  1846 | D:2      | Noticed Natasha
  1855 | D:2      | Killed Natasha
  1856 | D:2      | Reached XP level 4. HP: 29/35 MP: 0/0
  2982 | D:3      | Reached XP level 5. HP: 37/40 MP: 0/0
  2982 | D:3      | Learned a level 2 spell: Corpse Rot
  3092 | D:3      | Found an opulent altar of Gozag.
  3249 | D:4      | Slain by a wight

Illustrated notes

Levels and vault maps discovered:
D:1:      eino_arrival_tree_alley, layout_loops_ring, serial_shops,
          nicolae_shop_crystal, minmay_pentomino_t4
D:2:      layout_loops_ring, uniq_natasha
D:3:      layout_loops_ring, grunt_gozag_breadcrumbs
D:4:      layout_layer_cave, tgw_xom, uniq_pikel, uniq_eustachio

Skill      XL: |  1  2  3 |
---------------+----------+-----
Spellcasting   | 3 |  3.4
Dodging        | 3 |  3.6
Fighting       | 3 |  3.2
Polearms       | |  1.7
Throwing       | |  0.8
Armour         | |  1.0

Action                   |  1- 3 |  4- 6 || total
-------------------------+-------+-------++-------
Melee: Spear             |    57 |       ||    57
       Whip              |    33 |    27 ||    60
 Cast: Foxfire           |    28 |    52 ||    80
 Stab: Sleeping          |     1 |       ||     1
Armor: Leather armour    |    20 |     6 ||    26
Dodge: Dodged            |    51 |    16 ||    67

Table legend: (Time is in decaauts)
 A = Elapsed time spent in this place.
 B = Non-inter-level travel time spent in this place.
 C = Inter-level travel time spent in this place.
 D = Time resting spent in this place.
 E = Time spent auto-exploring this place.
 F = Levels seen in this place.
 G = Mean time per level.
                   A        B        C        D        E       F      G
               +--------+--------+--------+--------+--------+-----+--------+
         Total |   3263 |   3158 |    105 |      0 |   2771 |   4 |  815.8 |
       Dungeon |   3263 |   3158 |    105 |      0 |   2771 |   4 |  815.8 |
               +--------+--------+--------+--------+--------+-----+--------+

Top non-repeatable levels by time:
     D:2: 1181 daAuts
     D:1: 1164 daAuts
     D:3: 889 daAuts
     D:4: 28 daAuts
